 Dungeon Crawl Stone Soup version 0.31-a0-1156-g12f98b2 (webtiles) character file.

Game seed: 12827142397333135537

1 PidgeyThePirate the Cudgeller (level 1, -1/17 HPs)
             Began as a Meteoran Reaver on Dec 7, 2023.
             Frozen to death by an endoplasm (4 damage)
             ... on level 1 of the Dungeon.
             The game lasted 00:00:14 (19 turns).

PidgeyThePirate the Cudgeller (Meteoran Reaver)       Turns: 19, Time: 00:00:15

Health: -1/17      AC:  3    Str: 13    XL:     1   Next: 28%
Magic:  5/5        EV:  8    Int: 14    God:
Gold:   0          SH:  0    Dex: 12    Spells: 4/5 levels left

rFire   . . .        a - +0 mace
rCold   . . .        (no shield)
rNeg    . . .        b - +0 leather armour
rPois   .            (no helmet)
rElec   .            (no cloak)
rCorr   .            (no gloves)
SInv    .            (no boots)
Will    .....        (no amulet)
Stlth   +            (no ring)
HPRegen 0.22/turn    (no ring)
MPRegen 0.09/turn

%: no passive effects
@: glowing, constricted
A: sense surroundings 1, otherworldly, glowing, explore regen
a: no special abilities


You were on level 1 of the Dungeon.
You visited 1 branch of the dungeon, and saw 1 of its levels.

Inventory:

Hand Weapons
 a - a +0 mace (weapon)
Armour
 b - a +0 leather armour (worn)


   Skills:
 + Level 2.2 Fighting
 + Level 4.0 Maces & Flails
 + Level 2.2 Dodging
 + Level 2.7 Spellcasting
 + Level 3.6 Conjurations


You had 4 spell levels left.
You knew the following spells:

 Your Spells              Type           Power      Damage    Failure   Level
a - Kiss of Death         Conj/Necr      28%        2d7       13%         1

Your spell library contained the following spells:

 Spells                   Type           Power      Damage    Failure   Level
 Momentum Strike          Conj/Tloc      14%        3d8       21%         2
 Hailstorm                Conj/Ice       7%         3d5       36%         3


Dungeon Overview and Level Annotations

Branches:
Dungeon (1/15) Zot: 577

Altars:


Innate Abilities, Weirdness & Mutations

You passively map a small area around you.
You are easily found by Zot.
You glow in the dark.
You regain HP and MP as you explore.


Message History

The ball python bites the plant.
The ball python constricts the plant.
The ball python bites the plant.
The plant begins to die.
The ball python grabs the plant.
The ball python constricts the plant.
You hit the endoplasm.
You kill the endoplasm!
The endoplasm freezes you.
You are frozen.
The ball python bites the plant.
The ball python constricts the plant.
The ball python loses its grip on the plant.
The endoplasm barely misses you.
You barely miss the ball python.
A nearby plant withers and dies.
The ball python loses its grip on the plant.
The endoplasm hits you. The ball python barely misses you.
The ball python closely misses you.
You closely miss the ball python. The ball python barely misses you.
The ball python grabs you. The ball python constricts you.
The ball python bites you. The endoplasm hits you.
You completely miss the ball python.
A nearby plant withers and dies.
The ball python bites you but does no damage.
The ball python constricts you. The ball python bites you.
The endoplasm hits you but does no damage.
You barely miss the ball python. The ball python barely misses you.
The ball python bites you. The ball python constricts you.
The endoplasm closely misses you. The ball python bites you.
The ball python bites you but does no damage.
The ball python constricts you.
You barely miss the ball python.
The endoplasm hits you but does no damage.
The ball python bites you.
* * * LOW HITPOINT WARNING * * *
The ball python barely misses you. The ball python constricts you.
* * * LOW HITPOINT WARNING * * *
The endoplasm hits you but does no damage.
You hit the ball python.
You kill the ball python!
The ball python barely misses you. The ball python constricts you.
The ball python barely misses you. The ball python constricts you.
The endoplasm freezes you.
You are frozen.
You die... , , #################* .., #PPPPPPPPPPPPPPPP ,... #PPPPPP..<..PPPPP ....#PPPP..PPPPP..PPP ....#PPP.PPP...PPP.PP .....PPP.PP.PPP.PP.PP

......P.PP.PP.PP.PP.P
* *
......S†P.PP.P.PP.P.P
*
......P@P.P.PPP.P.P.P
*
..#...PJP.PP.P.PP.P.P
* , .


#..PP.PP.PP.PP.P * , ,#..PPP.PP.PPP. ....PPP.PPP...P , ..#..PPPP..PPPP, ,
..#..PPPPPP.... , *, #..PPPPPPPP.P * , , You could see an endoplasm and a ball
python.

Vanquished Creatures
  An endoplasm (D:1)
  A ball python (D:1)
2 creatures vanquished.

Notes
Turn   | Place    | Note
-------+----------+-------------------------------------------
     0 | D:1      | PidgeyThePirate the Meteoran Reaver began the quest for the
                  | Orb.
     0 | D:1      | Reached XP level 1. HP: 17/17 MP: 5/5
    19 | D:1      | Frozen to death by an endoplasm

Illustrated notes

Levels and vault maps discovered:
D:1:      roderic_crop_circles_arrival_small, layout_rooms, serial_shops, shop,
          dreamdust_ecumenical_altar_angels_and_demons

Action                     || total
---------------------------++-------
  Melee: Mace              ||    11
 Armour: Leather armour    ||    12
  Dodge: Dodged            ||    13

Table legend: (Time is in decaauts)
 A = Elapsed time spent in this place.
 B = Non-inter-level travel time spent in this place.
 C = Inter-level travel time spent in this place.
 D = Time resting spent in this place.
 E = Time spent auto-exploring this place.
 F = Levels seen in this place.
 G = Mean time per level.
                   A        B        C        D        E       F      G
               +--------+--------+--------+--------+--------+-----+--------+
         Total |     21 |     15 |      6 |      0 |      0 |   1 |   21.0 |
       Dungeon |     21 |     15 |      6 |      0 |      0 |   1 |   21.0 |
               +--------+--------+--------+--------+--------+-----+--------+

Top non-repeatable levels by time:
     D:1: 21 daAuts
